Map: Turbo Cruise '84 LE

Players

uThermal

  • Race: Terran Terran
  • Spawn Location: 7:00

SortOf - Winner!

  • Race: Zerg Zerg
  • Spawn Location: 3:00

Event: 2019 WCS Summer

VOD

Have the link to the VOD?

Description

Time

  • Played on: July 12, 2019, 6:36 a.m.
  • Length: 10:27

All games in this series

Show
View Real Time Build Order
Export as new Build Order

uThermal Terran 

Build Orders: Gas First Reaper Expand, Hellion Opening 

Get SALT Encoding   

  12  0:01  SCV  
  13  0:13  SCV  
  14  0:17  Supply Depot  
  14  0:25  SCV  
  14  0:28  Refinery  
  15  0:39  SCV  
  16  0:45  Barracks  
  16  0:51  SCV  
  17  1:03  SCV  
  18  1:15  SCV  
  19  1:32  Orbital Command, Reaper  
  20  1:44  Command Center  
  20  1:57  Factory  
  20  2:00  SCV  
  21  2:09  Barracks Reactor  
  21  2:12  SCV  
  21  2:16  Supply Depot  
  21  2:24  SCV  
  21  2:27  Ghost Academy  
  22  2:36  SCV  
  23  2:48  Hellion x2  
  23  2:49  SCV  
  28  2:52  Barracks Tech Lab  
  28  2:55  Refinery  
  28  2:59  Orbital Command  
  28  3:02  SCV  
  29  3:14  SCV  
  29  3:18  Ghost  
  29  3:19  Hellion  
  34  3:22  Hellion  
  34  3:25  SCV  
  34  3:26  SCV  
  38  3:34  Supply Depot  
  38  3:37  SCV  
  38  3:38  SCV  
  40  3:46  Ghost, Hellion  
  43  3:49  Hellion  
  46  3:55  SCV  
  46  3:56  Supply Depot  
  46  3:57  SCV  
  47  4:07  SCV  
  47  4:08  Hellion  
  47  4:09  SCV  
  51  4:11  Hellion  
  53  4:18  Supply Depot  
  53  4:20  SCV  
  53  4:21  Ghost  
  53  4:23  SCV  
  57  4:29  Hellion  
  57  4:31  Supply Depot  
  59  4:32  SCV  
  59  4:34  Hellion  
  62  4:39  SCV  
  62  4:41  Supply Depot  
  62  4:44  SCV  
  64  4:51  SCV  
  65  4:53  Hellion  
  65  4:56  SCV, Hellion  
  60  5:02  Ghost  
  60  5:04  SCV  
  53  5:08  SCV  
  53  5:10  Command Center  
  54  5:14  Starport  
  54  5:16  SCV  
  54  5:17  Personal Cloaking  
  54  5:20  SCV  
  56  5:21  Hellion  
  56  5:24  Hellion  
  56  5:28  SCV  
  61  5:30  Refinery  
  61  5:31  Refinery  
  61  5:36  SCV  
  61  5:37  Ghost  
  61  5:40  SCV  
  65  5:48  SCV  
  66  5:52  SCV, Hellion x2  
  66  5:55  Medivac  
  73  6:00  SCV  
  74  6:05  SCV  
  74  6:06  Ghost  
  77  6:12  SCV  
  77  6:14  Hellion x2  
  77  6:17  SCV  
  83  6:24  Orbital Command  
  83  6:25  SCV  
  84  6:29  SCV  
  83  6:33  Starport Tech Lab  
  83  6:35  Factory x2  
  83  6:37  SCV, Hellion x2  
  88  6:41  SCV  
  88  6:46  Armory  
  89  6:47  Armory  
  89  6:48  Orbital Command  
  89  6:49  SCV  
  89  6:53  SCV  
  89  6:59  Hellion  
  89  7:00  Hellion  
  89  7:01  SCV  
  94  7:05  SCV  
  89  7:13  SCV  
  90  7:17  SCV  
  90  7:19  SCV  
  88  7:25  SCV  
  83  7:32  Starport Reactor  
  83  7:34  Cyclone  
  83  7:36  Hellion  
  87  7:37  SCV  
  87  7:42  Cyclone  
  87  7:43  Mag-Field Accelerator, Infernal Pre-Igniter  
  89  7:45  SCV  
  89  7:47  SCV  
  91  7:54  Refinery  
  91  7:56  Command Center  
  91  7:58  Refinery  
  91  7:59  Hellion x2  
  91  8:01  SCV  
  91  8:03  Terran Vehicle Weapons Level 1  
  91  8:05  Terran Vehicle And Ship Armor Level 1  
  96  8:07  SCV  
  97  8:13  Cyclone  
  97  8:14  SCV  
  97  8:17  Supply Depot  
  97  8:18  Supply Depot  
  101  8:22  Factory  
  101  8:23  Factory  
  102  8:27  SCV  
  102  8:28  Engineering Bay  
  102  8:29  SCV, Supply Depot  
  102  8:30  Hellion x3  
  102  8:32  Hellion  
  107  8:34  Hellion  
  107  8:44  Cyclone  
  107  8:48  Medivac x2  
  114  8:50  Cyclone  
  117  8:57  Sensor Tower  
  117  9:00  Hellion x2  
  117  9:01  Smart Servos  
  121  9:09  Factory Tech Lab x2  
  121  9:14  Command Center  
  121  9:16  Cyclone  
  124  9:17  Command Center  
  124  9:22  Cyclone  
  124  9:23  Hellion x2  
  131  9:28  Siege Tank  
  131  9:29  Siege Tank  
  131  9:47  Hellion x2  
  131  9:48  Cyclone  
  138  9:54  Cyclone  
Show
View Real Time Build Order
Export as new Build Order

SortOf Zerg - Winner!

Build Orders: Pool First 

Get SALT Encoding   

  12  0:01  Drone  
  13  0:14  Overlord  
  13  0:18  Drone  
  14  0:32  Drone  
  14  0:33  Drone  
  16  0:41  Drone  
  17  0:45  Spawning Pool  
  17  0:49  Drone  
  17  0:59  Extractor  
  17  1:00  Drone  
  17  1:10  Drone  
  18  1:19  Hatchery  
  17  1:27  Drone  
  18  1:33  Zergling x2  
  18  1:36  Queen  
  21  1:53  Overlord  
  21  1:57  Drone  
  22  2:06  Metabolic Boost  
  22  2:12  Queen  
  24  2:17  Drone x2  
  26  2:24  Drone  
  27  2:31  Queen  
  27  2:32  Drone  
  30  2:37  Drone  
  31  2:52  Hatchery  
  31  2:54  Drone x2  
  32  2:59  Overlord  
  32  3:01  Drone  
  32  3:04  Drone  
  34  3:06  Zergling x2  
  34  3:08  Zergling x2  
  36  3:16  Queen  
  36  3:19  Drone  
  38  3:26  Drone x3  
  41  3:33  Overlord  
  41  3:41  Overlord  
  41  3:44  Drone  
  41  3:46  Drone  
  43  3:53  Zergling x4  
  43  3:54  Zergling x4  
  43  3:55  Drone x2  
  49  3:56  Queen  
  49  4:01  Baneling Nest  
  50  4:03  Zergling x2  
  50  4:06  Spine Crawler  
  50  4:08  Drone x2  
  52  4:13  Zergling x2  
  53  4:19  Overlord  
  53  4:22  Drone  
  53  4:23  Zergling x2  
  55  4:28  Zergling x4  
  55  4:29  Overlord  
  57  4:36  Overlord  
  57  4:40  Zergling x12  
  63  4:47  Zergling x4  
  56  5:03  Drone x9  
  62  5:12  Drone x3, Evolution Chamber  
  64  5:16  Evolution Chamber  
  63  5:22  Drone x3  
  63  5:23  Drone x3  
  68  5:32  Lair  
  68  5:34  Drone x3, Extractor, Queen  
  68  5:35  Extractor  
  71  5:39  Baneling x4  
  71  5:41  Zergling x8  
  76  5:50  Drone x6  
  76  5:56  Drone  
  82  6:01  Extractor, Overlord  
  82  6:04  Drone x3  
  82  6:12  Drone, Hatchery  
  82  6:16  Overlord  
  82  6:20  Overlord, Roach Warren  
  82  6:21  Drone x3  
  82  6:22  Overlord  
  83  6:25  Zerg Missile Weapons Level 1, Zerg Melee Weapons Level 1  
  83  6:27  Drone x3  
  83  6:28  Extractor  
  83  6:29  Drone, Extractor  
  83  6:30  Drone  
  83  6:31  Drone  
  87  6:34  Overlord  
  87  6:35  Drone  
  88  6:43  Overseer  
  88  6:46  Centrifical Hooks  
  90  6:48  Overlord  
  90  6:50  Overlord  
  90  6:51  Infestation Pit  
  89  6:55  Zergling x8  
  89  6:59  Baneling x4  
  88  7:01  Zergling x4  
  88  7:06  Zergling x2  
  88  7:07  Zergling x10  
  90  7:09  Pneumatized Carapace  
  90  7:11  Queen x2  
  85  7:17  Zergling x12  
  85  7:21  Zergling x2  
  86  7:24  Zergling x10  
  86  7:28  Zergling x2, Overseer  
  88  7:33  Zergling x2  
  85  7:40  Queen, Overlord  
  85  7:42  Drone x3  
  89  7:48  Glial Reconstitution  
  89  7:54  Roach x6  
  101  8:01  Queen  
  101  8:02  Queen  
  101  8:04  Drone x3  
  108  8:06  Overlord  
  108  8:09  Overlord  
  108  8:12  Roach x2  
  112  8:16  Roach  
  112  8:19  Overseer  
  114  8:21  Overlord  
  114  8:23  Roach x7  
  114  8:26  Overseer  
  128  8:29  Drone x3  
  128  8:30  Overlord x2  
  131  8:40  Roach  
  131  8:41  Roach x3  
  139  8:53  Roach  
  139  8:54  Roach x3  
  147  8:58  Baneling  
  147  8:59  Baneling x5  
  147  9:05  Roach x7  
  147  9:06  Overlord  
  147  9:07  Overlord  
  158  9:11  Roach x4  
  166  9:24  Zergling x10  
  166  9:25  Baneling  
  166  9:26  Baneling x13  
  166  9:27  Ravager x3  
  166  9:30  Drone  
  168  9:34  Overlord  
  168  9:35  Overlord  
  168  9:37  Drone x2  
  168  9:38  Drone x2  
  172  9:39  Drone  
  172  9:41  Zergling x10  
  178  9:49  Overseer  
  174  10:03  Zergling x20  
Tags
 
Add a new tag
Caveats
  • Supply blocks, unpowered buildings, or Contaminate may cause inaccurate times.
  • Supply counts are checked every 10 seconds.